Match 47239933
Unlisted

Match 47239933
End
Construct Section Command Post
Vickers Machine Gun Team
Selects Indian Artillery Battlegroup
Infantry Section
Infantry Section
Selects Towed ML 4.2-inch Heavy Mortar
Towed ML 4.2-inch Heavy Mortar
Construct Platoon Command Post
6-pounder Anti-tank Gun Team
Selects Off-map Airburst Barrage
Construct Company Command Post
Selects BL5.5 Artillery Emplacement
Foot Guards Section
NanoLoki
Cr6como-
Shnezou
UMirinBrah?
Konrad Curze
FLOKL
0
0

Comments sign in to comment!

No comments posted yet!